 Dungeon Crawl Stone Soup version 0.26-a0-215-g1b87330c0f (webtiles) character file.

Game seed: 11763028082344705680

19061 BeastOfSaturn the Blocker (level 12, -10/83 HPs)
             Began as a Demonspawn Venom Mage on July 5, 2020.
             Was a Priest of Ashenzari.
             Mangled by a soul eater (16 damage)
             ... summoned by an orc sorcerer
             ... while paralysed by an orc sorcerer
             ... on level 1 of the Orcish Mines on July 6, 2020.
             The game lasted 01:30:16 (13941 turns).

BeastOfSaturn the Blocker (Demonspawn Venom Mage)  Turns: 13941, Time: 01:30:17

Health: -10/83     AC: 23    Str: 12    XL:     12   Next: 33%
Magic:  0/24       EV:  2    Int: 19    God:    Ashenzari [***...]
Gold:   842        SH:  0    Dex: 15    Spells: 13/28 levels left

rFire    + . .     SeeInvis +   P - +3 war axe (flame)
rCold    + . .     Faith    .   I - +2 shield of Resistance {rF+ rC+ MR+} (curse)
rNeg     . . .     Spirit   +   T - +1 steam dragon scales (curse)
rPois    .         Reflect  +   (no helmet)
rElec    .         Harm     .   (no cloak)
rCorr    .                      G - +0 pair of gloves
MR       +....                  (no boots)
Stlth    ++........             N - amulet of reflection
HPRegen  0.23/turn              f - +4 ring of evasion
MPRegen  0.19/turn              U - ring "Ycov" {AC+4 Int+2} (curse)

@: paralysed, sanguine armour, drained
A: talons 2, powered by death 3, magic shield, sanguine armour 3
a: Curse Item, Scrying, Renounce Religion


You were on level 1 of the Orcish Mines.
You worshipped Ashenzari.
Ashenzari was most pleased with you.
You were not hungry.

You visited 3 branches of the dungeon, and saw 14 of its levels.
You also visited: Ossuary and Ice Cave.

You collected 878 gold pieces.
You spent 36 gold pieces at shops.

Inventory:

Hand Weapons
 w - a +3 hand axe of electrocution
 P - a +3 war axe of flaming (weapon)
Missiles
 s - 7 curare-tipped darts (quivered)
 F - 2 throwing nets
Armour
 q - a +2 robe of resistance
 G - a +0 pair of gloves (worn)
 I - the cursed +2 shield of Resistance (worn) {rF+ rC+ MR+}
   (You found it on level 6 of the Dungeon)

   It protects you from fire.
   It protects you from cold.
   It affects your resistance to hostile enchantments.
   It has a curse placed upon it.
 T - cursed +1 steam dragon scales (worn)
Jewellery
 a - a +4 ring of slaying
 f - a +4 ring of evasion (left hand)
 z - an uncursed ring of protection from cold
 N - an amulet of reflection (around neck)
 R - an uncursed ring of fire
 U - the cursed ring "Ycov" (right hand) {AC+4 Int+2}
   (You found it in an ice cave)

   [ring of protection]

   It affects your AC (+4).
   It affects your intelligence (+2).
   It has a curse placed upon it.
 X - a +4 ring of slaying
Wands
 H - a wand of polymorph (12)
 M - a wand of flame (37)
 S - a wand of paralysis (35)
 V - a wand of acid (5)
 Y - a wand of clouds (9)
Scrolls
 d - a scroll of remove curse
 g - 3 scrolls of enchant weapon
 l - 5 scrolls of identify
 n - 3 scrolls of amnesia
 y - 3 scrolls of magic mapping
 A - 7 scrolls of teleportation
 B - 3 scrolls of blinking
 C - 4 scrolls of fear
 L - 2 scrolls of fog
 Z - a scroll of holy word
Potions
 b - 3 potions of mutation
 e - 3 potions of heal wounds
 h - 2 potions of flight
 i - a potion of stabbing {unknown}
 k - a potion of berserk rage
 r - a potion of brilliance {unknown}
 v - 6 potions of curing
 D - 3 potions of cancellation
 E - 2 potions of haste {unknown}
 J - 2 potions of invisibility
 K - 3 potions of ambrosia {unknown}
 O - 4 potions of might {unknown}
 W - a potion of magic {unknown}
Comestibles
 c - 17 rations


   Skills:
 - Level 4.1(3.0) Fighting
 * Level 10.6(9.3) Axes
 - Level 2.2(1.2) Armour
 - Level 1.7(0.7) Dodging
 - Level 1.7(0.7) Stealth
 * Level 11.0(11.3) Shields
 * Level 8.6(7.4) Spellcasting
 - Level 0.8(0.0) Transmutations
 - Level 2.1(1.1) Air Magic
 - Level 6.0(4.8) Poison Magic


You had 13 spell levels left.
You knew the following spells:

 Your Spells              Type           Power        Failure   Level
a - Sting                 Tmut/Pois      ###.         6%          1
b - Poisonous Vapours     Pois/Air       ###...       7%          2
c - Mephitic Cloud        Conj/Pois/Air  ##......     21%         3
d - Olgreb's Toxic Radia  Pois           ####....     22%         4
e - Ignite Poison         Fire/Tmut/Pois ##......     24%         3
f - Searing Ray           Conj           #.....       24%         2

Your spell library contained the following spells:

 Spells                   Type           Power        Failure   Level
 Foxfire                  Conj/Fire      #...         16%         1
 Magic Dart               Conj           #...         16%         1
 Confusing Touch          Hex            #.......     43%         3
 Conjure Flame            Conj/Fire      #.......     43%         3
 Dazzling Flash           Conj/Hex       #.....       43%         3
 Gell's Gravitas          Tloc           #.........   43%         3
 Inner Flame              Hex/Fire       #.......     43%         3
 Fulminant Prism          Conj/Hex       #.........   83%         4
 Iskenderun's Mystic Bla  Conj/Tloc      #.......     83%         4
 Petrify                  Tmut/Erth      #.......     83%         4
 Sticky Flame             Conj/Fire      #.......     83%         4
 Fireball                 Conj/Fire      #.........   99%         5
 Metabolic Englaciation   Hex/Ice        #.........   99%         5
 Yara's Violent Unravell  Hex/Tmut       #.........   99%         5


Dungeon Overview and Level Annotations

Branches:
Dungeon (12/15)            Temple (0/1) D:6            Lair (1/6) D:9
    Orc (1/2) D:12        Ossuary (visited)           IceCv (visited)

Altars:
Ashenzari
Cheibriados
Dithmenos
Fedhas
Gozag
Kikubaaqudgha
Nemelex Xobeh
Qazlal
Ru
Vehumet
Xom
Zin
The Shining One

Shops:
D:10 *

Annotations:
D:3 1 runed translucent door, Majang's ghost, amateur DsGl


Innate Abilities, Weirdness & Mutations

You have razor-sharp toenails.
You regenerate a lot of health from kills.
When hurt, damage is shared between your health and your magic reserves.
When seriously injured, your bleeding wounds create very thick armour. (AC +12)


Message History

The hellwing completely misses you. The hellwing hits you!
* * * LOW HITPOINT WARNING * * *
The hellwing hits you but does no damage. x2
The soul eater hits you but does no damage.
The orc sorcerer gestures at you while chanting.
The bolt of fire hits you. You resist.
* * * LOW HITPOINT WARNING * * *
The hellwing hits you but does no damage. x2
The hellwing hits you.
* * * LOW HITPOINT WARNING * * *
The hellwing hits you but does no damage.
The soul eater hits you!
* * * LOW HITPOINT WARNING * * *
You feel drained.
* * * LOW HITPOINT WARNING * * *
The hellwing disappears in a puff of smoke!
The orc sorcerer hits you but does no damage.
The hellwing hits you but does no damage.
The hellwing completely misses you. The soul eater hits you!
You die...

, , , ......$. , .. ,
...#..... , .$.# ,
.......... , $..## .
* ..........###
....#..
#$.......#..##.......
,
..........$..#.......
,
#.........))......#.#
.........4..)))).....
*
#........o@.......#.
#....><..ยง3..$...# *
..................# *
...................#
, * ,
..#...........##.....
# ###..#..#..## ##.##
* ########## *## *


You could see a soul eater (summoned), a hellwing (summoned) and an orc sorcerer
(poisoned).

Vanquished Creatures
  Harold (D:9)
  2 two-headed ogres
  Nergalle (D:10)
  Pikel (D:6)
  A cyclops (D:11)
  2 ugly things (IceCv)
  2 ice statues (IceCv)
  3 cane toads (Lair:1)
  Maggie (Lair:1)
  A kobold demonologist (D:12)
  5 trolls
  3 hippogriffs
  6 slime creatures
  A shadow (D:12)
  5 yaks (D:9)
  A spriggan (D:8)
  2 basilisks (D:9)
  A vampire (D:11)
  3 wyverns
  An acid dragon (D:10)
  A water moccasin (Lair:1)
  3 porcupines (D:9)
  6 orc warriors
  2 black bears
  19 ice beasts
  5 sky beasts
  3 necrophages
  4 phantoms
  6 ogres
  5 centaurs
  A crocodile (D:9)
  A lemure (D:6)
  4 big kobolds
  8 bullfrogs
  9 scorpions
  3 killer bees (D:11)
  6 centaur zombies
  3 quasits
  4 jellies
  A bullfrog skeleton (D:6)
  2 bullfrog zombies
  12 orc wizards
  11 orc priests
  4 hounds
  2 human zombies (Ossuary)
  Terence (D:3)
  2 iguanas
  4 worker ants
  A killer bee zombie (D:10)
  2 hound zombies
  A hound skeleton (D:8)
  3 mummies (Ossuary)
  14 gnolls
  11 adders
  A scorpion zombie (Ossuary)
  3 shadow imps
  2 white imps
  An ufetubus (D:7)
  An ooze (D:4)
  2 worms
  3 dart slugs
  8 leopard geckos
  22 orcs
  2 ball pythons
  6 bats
  7 giant cockroaches
  6 hobgoblins
  6 jackals
  18 kobolds
  5 quokkas
  4 frilled lizards
  A gnoll zombie (Ossuary)
  9 goblins
  5 hobgoblin zombies (Ossuary)
  A jackal skeleton (D:5)
  2 kobold zombies (Ossuary)
  4 orc zombies (Ossuary)
  A quokka skeleton (D:4)
  5 rats
332 creatures vanquished.

Vanquished Creatures (others)
  2 goblin zombies (Ossuary)
  A kobold zombie (Ossuary)
  3 bushes (D:9)
  A fungus (D:9)
  5 plants (D:9)
  2 withered plants (D:3)
14 creatures vanquished.

Grand Total: 346 creatures vanquished

Notes
Turn   | Place    | Note
-------+----------+-------------------------------------------
     0 | D:1      | BeastOfSaturn the Demonspawn Venom Mage began the quest for
                  | the Orb.
     0 | D:1      | Reached XP level 1. HP: 13/13 MP: 3/3
   501 | D:1      | Gained mutation: You have sharp toenails. [demonic
                  | ancestry]
   501 | D:1      | Reached XP level 2. HP: 19/19 MP: 1/5
   587 | D:1      | Learned a level 2 spell: Poisonous Vapours
  1117 | D:2      | Gained mutation: You regenerate a little health from kills.
                  | [demonic ancestry]
  1117 | D:2      | Reached XP level 3. HP: 18/24 MP: 1/6
  1175 | D:2      | Learned a level 3 spell: Mephitic Cloud
  1385 | D:2      | Found a shattered altar of Ashenzari.
  1395 | D:2      | Became a worshipper of Ashenzari the Shackled
  1512 | D:2      | Found an ancient bone altar of Kikubaaqudgha.
  1829 | D:2      | Found a shadowy altar of Dithmenos.
  1829 | D:2      | Found a sparkling altar of Nemelex Xobeh.
  1830 | D:2      | Found a glowing golden altar of the Shining One.
  1844 | D:2      | Gained mutation: When seriously injured, your bleeding
                  | wounds create armour. (AC +12) [demonic ancestry]
  1844 | D:2      | Reached XP level 4. HP: 30/30 MP: 1/8
  2434 | D:3      | Noticed Terence
  2465 | D:3      | Killed Terence
  2465 | D:3      | Reached skill level 1 in Air Magic
  2718 | D:3      | Found a runed translucent door.
  2718 | D:3      | Noticed Majang's ghost (amateur DsGl)
  2787 | D:3      | Gained mutation: You have razor-sharp toenails. [demonic
                  | ancestry]
  2787 | D:3      | Reached XP level 5. HP: 25/35 MP: 2/10
  2799 | D:3      | Learned a level 4 spell: Olgreb's Toxic Radiance
  3951 | D:4      | Reached * piety under Ashenzari
  3984 | D:4      | Found a radiant altar of Vehumet.
  4038 | D:4      | Reached skill level 5 in Poison Magic
  4038 | D:4      | Gained mutation: You regenerate health from kills. [demonic
                  | ancestry]
  4038 | D:4      | Reached XP level 6. HP: 22/41 MP: 12/12
  4240 | D:4      | Reached skill level 1 in Axes
  4246 | D:4      | Learned a level 3 spell: Ignite Poison
  4539 | D:5      | Entered Level 5 of the Dungeon
  4603 | D:5      | Found a snail-covered altar of Cheibriados.
  4658 | D:5      | Noticed an ice beast
  4843 | D:5      | Noticed a sky beast
  4852 | D:5      | Killed a sky beast
  4867 | D:5      | Found a sand-covered staircase.
  4871 | D:5      | Reached XP level 7. HP: 39/46 MP: 10/14
  4886 | Ossuary  | Entered an ossuary
  4895 | Ossuary  | Reached skill level 5 in Spellcasting
  5129 | Ossuary  | Reached XP level 8. HP: 40/52 MP: 15/15
  5234 | Ossuary  | Reached skill level 5 in Axes
  6011 | D:5      | Found an opulent altar of Gozag.
  6098 | D:6      | Reached skill level 1 in Fighting
  6098 | D:6      | Reached skill level 1 in Armour
  6266 | D:6      | Noticed Pikel
  6274 | D:6      | Killed Pikel
  6292 | D:6      | Gained mutation: When seriously injured, your bleeding
                  | wounds create thick armour. (AC +12) [demonic ancestry]
  6292 | D:6      | Reached XP level 9. HP: 55/61 MP: 5/16
  6308 | D:6      | Found a staircase to the Ecumenical Temple.
  6327 | D:6      | Found the +2 shield of Resistance {rF+ rC+ MR+}
  6508 | D:6      | Reached skill level 1 in Shields
  6623 | D:6      | Found a glowing silver altar of Zin.
  6887 | D:7      | Reached skill level 2 in Shields
  6935 | D:7      | Found a blossoming altar of Fedhas.
  7126 | D:7      | Reached skill level 3 in Shields
  7183 | D:7      | Reached skill level 4 in Shields
  7459 | D:8      | Reached skill level 5 in Shields
  7803 | D:8      | Reached ** piety under Ashenzari
  8231 | D:8      | Reached skill level 6 in Shields
  8712 | D:9      | Gained mutation: When hurt, damage is shared between your
                  | health and your magic reserves. [demonic ancestry]
  8712 | D:9      | Reached XP level 10. HP: 71/71 MP: 9/17
  8726 | D:9      | Reached skill level 7 in Shields
  8954 | D:9      | Reached skill level 8 in Shields
  8991 | D:9      | Found a staircase to the Lair.
  9595 | D:9      | Noticed Harold
  9602 | D:9      | Killed Harold
  9602 | D:9      | Reached skill level 9 in Shields
  9672 | D:9      | Found a stormy altar of Qazlal.
  9674 | D:9      | Found a sacrificial altar of Ru.
  9677 | D:9      | Found a shimmering altar of Xom.
  9727 | D:10     | Entered Level 10 of the Dungeon
  9925 | Lair:1   | Entered Level 1 of the Lair of Beasts
  9932 | Lair:1   | Noticed a cane toad
  9947 | Lair:1   | Killed a cane toad
  9985 | Lair:1   | Noticed a cane toad
 10002 | Lair:1   | Killed a cane toad
 10059 | Lair:1   | Noticed a cane toad
 10092 | Lair:1   | Killed a cane toad
 10092 | Lair:1   | Gained mutation: You regenerate a lot of health from kills.
                  | [demonic ancestry]
 10092 | Lair:1   | Reached XP level 11. HP: 58/77 MP: 16/21
 10161 | Lair:1   | Noticed Maggie
 10174 | Lair:1   | Killed Maggie
 10285 | Lair:1   | Noticed a six-headed hydra
 10614 | D:10     | Reached *** piety under Ashenzari
 10659 | D:10     | Found Ygrideor's General Store.
 10660 | D:10     | Noticed Nergalle
 10669 | D:10     | Killed Nergalle
 10764 | D:10     | Bought a potion of curing for 36 gold pieces
 10866 | D:10     | Upgraded the game from 0.26-a0-200-g62faa89a7e to
                  | 0.26-a0-215-g1b87330c0f
 10911 | D:11     | Noticed a two-headed ogre
 10922 | D:11     | Killed a two-headed ogre
 10922 | D:11     | Reached skill level 10 in Shields
 10934 | D:11     | Found a frozen archway.
 11043 | IceCv    | Entered an ice cave
 11043 | IceCv    | Noticed a white ugly thing
 11060 | IceCv    | Killed a white ugly thing
 11068 | IceCv    | Found a transporter.
 11094 | IceCv    | Noticed a white ugly thing
 11095 | IceCv    | Identified the ring "Ycov" {AC+4 Int+2}
 11096 | IceCv    | Found a transporter.
 11108 | IceCv    | Killed a brown ugly thing
 12313 | D:12     | Gained mutation: When seriously injured, your bleeding
                  | wounds create very thick armour. (AC +12) [demonic
                  | ancestry]
 12313 | D:12     | Reached XP level 12. HP: 55/83 MP: 16/24
 12866 | D:12     | Found a staircase to the Orcish Mines.
 12971 | D:11     | Learned a level 2 spell: Searing Ray
 12996 | D:12     | Reached skill level 10 in Axes
 13623 | D:12     | Noticed a two-headed ogre
 13637 | D:12     | Killed a two-headed ogre
 13730 | D:12     | Reached skill level 11 in Shields
 13900 | Orc:1    | Entered Level 1 of the Orcish Mines
 13936 | Orc:1    | Paralysed by an orc sorcerer for 7 turns
 13941 | Orc:1    | Mangled by a soul eater

Illustrated notes

Levels and vault maps discovered:
D:1:      lemuel_arrival_river_ford, layout_basic
D:2:      layout_loops_ring, old_standard_altar,
          chequers_temple_overflow_statue_of_worship, ashenzari_altar_1,
          minmay_worlds_worst_comb
D:3:      layout_rooms, gammafunk_ghost_grave, uniq_terence
D:4:      layout_loops_corners, nicolae_overflow_hidden_temple, first_ration
D:5:      layout_gridville, old_standard_altar, kennysheep_slug_shrine,
          enter_ossuary_1
D:6:      layout_rooms, zin_academy, minmay_temple_entry_junction_2, uniq_pikel
D:7:      layout_cave_pools, fedhas_altar_3, minivault_24, minivault_24
D:8:      layout_basic, the_bakery
D:9:      layout_long_grid, minmay_overflow_temple_star_quad,
          minmay_lair_entry_grove, uniq_harold
D:10:     lemuel_flame_loot_2, layout_cross, serial_shops, shop, uniq_nergalle
D:11:     layout_layer_cave, portal_ice_cave_entry_ice_beasts
D:12:     minmay_chambers_of_sevens, layout_basic, orc_0_dummy
Lair:1:   layout_roguey, grunt_megastairs_1, uniq_maggie
Orc:1:    layout_caves, serial_shops, nicolae_shop_statue_plus

Skill      XL: |  1  2  3  4  5  6  7  8  9 10 11 12 |
---------------+-------------------------------------+-----
Poison Magic   | 4 5 6 |  6.0
Spellcasting   | 3 4 5 7 8 |  8.6
Air Magic      | 1 2 |  2.1
Axes           | 1 4 7 9 10 | 10.6
Fighting       | 2 4 |  4.1
Armour         | 2 |  2.2
Shields        | 6 9 10 11 | 11.0
Dodging        | |  1.7
Stealth        | |  1.7
Transmutations | |  0.8

Action                   |  1- 3 |  4- 6 |  7- 9 | 10-12 || total
-------------------------+-------+-------+-------+-------++-------
Melee: Unarmed           |    18 |       |       |       ||    18
       Short sword       |     7 |       |       |       ||     7
       Dagger            |     2 |       |       |       ||     2
       Hand axe          |     4 |    48 |   288 |   103 ||   443
       War axe           |       |    27 |       |   395 ||   422
       Kick              |       |    15 |    64 |   158 ||   237
 Cast: Sting             |    36 |     7 |     2 |       ||    45
       Poisonous Vapours |    19 |    60 |    58 |    22 ||   159
       Olgreb's Toxic Ra |       |     2 |    10 |    27 ||    39
       Ignite Poison     |       |       |     1 |     3 ||     4
       Searing Ray       |       |       |       |     1 ||     1
Invok: Curse Item        |       |     1 |     1 |     4 ||     6
       Scrying           |       |       |     1 |       ||     1
Evoke: Wand              |       |       |       |     1 ||     1
  Use: Scroll            |     2 |     2 |    11 |     8 ||    23
       Potion            |       |     2 |       |     8 ||    10
 Stab: Sleeping          |     1 |     1 |     3 |     3 ||     8
       Invisible         |       |       |       |    15 ||    15
  Eat: Chunk             |     4 |     8 |     8 |     2 ||    22
       Ration            |       |     2 |     1 |     5 ||     8
Armor: Robe              |     6 |    13 |    71 |     9 ||    99
       Leather armour    |       |     7 |       |       ||     7
       Steam dragon scal |       |       |       |   104 ||   104
Dodge: Dodged            |    29 |    65 |   142 |   272 ||   508
Block: Kite shield       |       |       |    80 |   451 ||   531
       Reflection        |       |       |       |     1 ||     1

Table legend:
 A = Non-vault XP
 B = Vault XP
 C = Vault XP percentage of total XP
 D = Non-vault monster count
 E = Vault monster count
 F = Vault count percentage of total count
                 A         B        C        D         E       F
            +---------+---------+-------+---------+---------+-------
      Total |   16326 |   10904 |  40.0 |     249 |      81 |  24.5
            +---------+---------+-------+---------+---------+-------
        D:1 |      25 |       0 |   0.0 |      16 |       0 |   0.0
        D:2 |     102 |      10 |   8.9 |      23 |       5 |  17.9
        D:3 |      95 |      38 |  28.6 |      18 |       1 |   5.3
        D:4 |     176 |       0 |   0.0 |      12 |       0 |   0.0
        D:5 |     669 |       4 |   0.6 |      24 |       1 |   4.0
        D:6 |     438 |     629 |  59.0 |      15 |       1 |   6.2
        D:7 |    1286 |       0 |   0.0 |      27 |       0 |   0.0
        D:8 |     600 |     211 |  26.0 |      16 |       1 |   5.9
        D:9 |    1281 |    3213 |  71.5 |      23 |      15 |  39.5
       D:10 |    1760 |     824 |  31.9 |      23 |       1 |   4.2
       D:11 |    4344 |    1044 |  19.4 |      27 |       8 |  22.9
       D:12 |    3309 |     842 |  20.3 |      12 |       7 |  36.8
     Lair:1 |    1364 |     472 |  25.7 |       4 |       2 |  33.3
      Orc:1 |     877 |       0 |   0.0 |       9 |       0 |   0.0
    Ossuary |       0 |     830 | 100.0 |       0 |      29 | 100.0
      IceCv |       0 |    2787 | 100.0 |       0 |      10 | 100.0
            +---------+---------+-------+---------+---------+-------
